 Dungeon Crawl Stone Soup version 0.28-a0-909-g796cbd3a86 (webtiles) character file.

Game seed: 8473751146721875337

1575 Peloso the Carver (level 8, -1/71 HPs)
             Began as a Minotaur Fighter on Nov 24, 2021.
             Was a Believer of Okawaru.
             Killed from afar by Pikel (14 damage)
             ... with a bolt of acid
             ... on level 7 of the Dungeon.
             The game lasted 00:09:45 (6192 turns).

Peloso the Carver (Minotaur Fighter)                Turns: 6192, Time: 00:09:45

Health: -1/71      AC: 10    Str: 22    XL:     8   Next: 60%
Magic:  7/7        EV:  9    Int:  5    God:    Okawaru [**....]
Gold:   260        SH: 10    Dex: 11    Spells: 7/7 levels left

rFire   . . .      SeeInvis .   a - +4 long sword
rCold   . . .      Faith    .   c - +0 buckler
rNeg    . . .      Spirit   .   v - +0 chain mail
rPois   +          Reflect  +   (helmet restricted)
rElec   .          Harm     .   k - +0 cloak
rCorr   .          Rampage  .   y - +0 pair of gloves
Will    .....                   l - +0 pair of boots
Stlth   ..........              i - amulet of reflection
HPRegen 0.21/turn               t - ring of poison resistance
MPRegen 0.10/turn               (no ring)

@: corroded
A: horns 2, retaliatory headbutt
a: Renounce Religion, Heroism


You were on level 7 of the Dungeon.
You worshipped Okawaru.
Okawaru was pleased with you.
You visited 1 branch of the dungeon, and saw 7 of its levels.

You collected 260 gold pieces.

Inventory:

Hand Weapons
 a - a +4 long sword (weapon)
Armour
 b - a +0 scale mail
 c - a +0 buckler (worn)
 k - a +0 cloak (worn)
 l - a +0 pair of boots (worn)
 v - a +0 chain mail (worn)
 y - a +0 pair of gloves (worn)
Jewellery
 i - an amulet of reflection (around neck)
 n - a ring of protection from cold
 t - a ring of poison resistance (left hand)
Scrolls
 e - 2 scrolls of fog
 f - 2 scrolls of noise
 h - 2 scrolls of magic mapping
 m - a scroll of acquirement
 o - a scroll of enchant weapon
 s - a scroll of vulnerability {unknown}
 u - a scroll of fear {unknown}
 x - a scroll of immolation {unknown}
Potions
 d - 2 potions of might
 p - a potion of brilliance {unknown}
 q - a potion of attraction {unknown}
 r - a potion of magic {unknown}
 w - 2 potions of mutation {unknown}
 z - a potion of resistance {unknown}
 A - 2 potions of cancellation {unknown}


   Skills:
 + Level 6.7 Fighting
 + Level 8.1 Long Blades
 + Level 7.3 Armour
 + Level 3.2 Dodging
 + Level 1.1 Stealth
 + Level 5.6 Shields
 + Level 0.1 Invocations


You had 7 spell levels left.
You didn't know any spells.
Your spell library contained the following spells:

 Spells                   Type           Power      Damage    Failure   Level
 Shock                    Conj/Air       0%         1d3       98%         1
 Swiftness                Air            0%         N/A       100%        3
 Airstrike                Air            0%         N/A       100%        4
 Freezing Cloud           Conj/Ice/Air   0%         6-21      100%        5
 Polar Vortex             Ice            0%         N/A       100%        9
 Simulacrum               Ice/Necr       Unusable   N/A       N/A         6

Dungeon Overview and Level Annotations

Branches:
Dungeon (7/15)             Temple (0/1) D:4

Altars:
Kikubaaqudgha
Okawaru
Ru
Sif Muna
Uskayaw
Wu Jian
Zin

Annotations:
D:4 1 transporter, Edmund; bgiannan's ghost, novice GrFi
D:7 Pikel


Innate Abilities, Weirdness & Mutations

You have a pair of horns on your head.
You reflexively headbutt those who attack you in melee.


Message History

Really walk into a travel-excluded area?
Okay, then.
You now have 260 gold pieces (gained 8).
A white imp comes into view.
The white imp shouts!
A white imp is nearby!
A white imp is nearby!
Pikel the Slaver comes into view.
He is wielding a +1 whip of freezing and carrying a wand of acid (10).
Pikel shouts!
The white imp spits at you. The white imp gestures at you.
The puff of frost reflects off an invisible shield around you!
The puff of frost hits the white imp.
The white imp resists.
You hit the white imp but do no damage.
The white imp is lightly wounded.
The white imp gestures at you. The puff of frost hits you!
A lemure comes into view.
Unknown command.
You closely miss the white imp.
The white imp is lightly wounded.
You block the white imp's attack.
Pikel zaps a wand.
The bolt of acid hits you!! The acid corrodes you!
You slash the white imp! You headbutt the white imp.
You kill the white imp!
Okawaru accepts your kill.
A lemure comes into view.
The lemure shouts!
A lemure comes into view.
Pikel zaps a wand.
The bolt of acid misses you.
A lemure comes into view.
Pikel zaps a wand.
The bolt of acid hits you!!
* * * LOW HITPOINT WARNING * * *
You feel much better. The lemure hits you but does no damage.
Pikel zaps a wand.
The bolt of acid hits you!!
* * * LOW HITPOINT WARNING * * *
Pikel says, "You'll make a fine lemure."
You feel better. The lemure hits you but does no damage.
Pikel zaps a wand.
The bolt of acid hits you!
You die...

#...# #...# #...# #...#
+...+ #...# ##...##
##.@..5##
#####....55.#######
##........K........#
#..<##).....5...##.
#########...)...........#
...#.......####........####
...........# #............#
...........#
#..........#.5...
...........# #..........#
####


You could see Pikel and 4 lemures.

Vanquished Creatures
  A wyvern (D:6)
  A black bear (D:6)
  An ice beast (D:5)
  A necrophage (D:6)
  A centaur (D:6)
  An ogre (D:5)
  2 phantoms
  Blork the orc (D:4)
  A bullfrog (D:6)
  A wyvern skeleton (D:5)
  3 wights (D:7)
  A centaur zombie (D:7)
  An orc priest (D:4)
  A centaur skeleton (D:6)
  A hound (D:6)
  3 orc wizards (D:4)
  4 iguanas (D:5)
  5 gnolls
  8 adders
  A white imp (D:7)
  An ufetubus (D:6)
  An adder zombie (D:5)
  An adder skeleton (D:5)
  2 worms
  3 dart slugs
  15 orcs
  6 endoplasms
  3 giant cockroaches
  9 goblins
  5 hobgoblins
  3 quokkas
  6 ball pythons
  4 bats
  7 frilled lizards
  5 kobolds
  7 rats
117 creatures vanquished.

Vanquished Creatures (others)
  An orc wizard (D:4)
  2 plants (D:1)
3 creatures vanquished.

Grand Total: 120 creatures vanquished

Notes
Turn   | Place    | Note
-------+----------+-------------------------------------------
     0 | D:1      | Peloso the Minotaur Fighter began the quest for the Orb.
     0 | D:1      | Reached XP level 1. HP: 19/19 MP: 0/0
   272 | D:1      | Reached XP level 2. HP: 24/27 MP: 1/1
   359 | D:1      | Found a faded altar of an unknown god.
   882 | D:1      | Reached XP level 3. HP: 33/33 MP: 2/2
  1328 | D:2      | Reached skill level 3 in Long Blades
  1333 | D:2      | Reached XP level 4. HP: 30/40 MP: 3/3
  2306 | D:3      | Noticed a phantom
  2322 | D:3      | Killed a phantom
  2323 | D:3      | Reached skill level 4 in Long Blades
  2323 | D:3      | Reached skill level 1 in Dodging
  2323 | D:3      | Reached XP level 5. HP: 32/47 MP: 4/4
  2580 | D:3      | Reached skill level 5 in Armour
  2854 | D:3      | Found an iron altar of Okawaru.
  2864 | D:3      | Became a worshipper of Warmaster Okawaru
  3190 | D:4      | Found a transporter.
  3192 | D:4      | Noticed bgiannan's ghost (novice GrFi)
  3445 | D:4      | Noticed Blork the orc
  3453 | D:4      | Killed Blork the orc
  3454 | D:4      | Reached skill level 5 in Shields
  3454 | D:4      | Reached XP level 6. HP: 39/53 MP: 5/5
  3639 | D:4      | Found a staircase to the Ecumenical Temple.
  3898 | D:4      | Reached skill level 5 in Long Blades
  3931 | D:4      | Reached skill level 5 in Fighting
  4100 | D:4      | Noticed Edmund
  4172 | D:5      | Entered Level 5 of the Dungeon
  4254 | D:5      | Reached XP level 7. HP: 55/61 MP: 6/6
  4326 | D:5      | Reached * piety under Okawaru
  4532 | D:5      | Reached skill level 6 in Long Blades
  5346 | D:6      | Reached skill level 1 in Stealth
  5346 | D:6      | Reached XP level 8. HP: 70/70 MP: 7/7
  5358 | D:6      | Identified a scroll of acquirement
  5374 | D:6      | Reached ** piety under Okawaru
  5375 | D:6      | Reached skill level 7 in Long Blades
  5560 | D:6      | Found a sacrificial altar of Ru.
  5560 | D:6      | Found a hide-covered altar of Uskayaw.
  5597 | D:6      | Found a shimmering blue altar of Sif Muna.
  5599 | D:6      | Found an ornate altar of the Wu Jian Council.
  5601 | D:6      | Found a glowing silver altar of Zin.
  6031 | D:7      | Reached skill level 8 in Long Blades
  6149 | D:7      | Found an ancient bone altar of Kikubaaqudgha.
  6177 | D:7      | Noticed Pikel
  6192 | D:7      | Killed from afar by Pikel

Illustrated notes

Levels and vault maps discovered:
D:1:      amcnicky_arrival_abandoned_market, layout_basic,
          hellmonk_ecumenical_altar_leap_of_faith, st_stairs_13,
          serial_bayou_lake_a
D:2:      layout_basic
D:3:      layout_loops_ring, okawaru_altar_gauntlet_db
D:4:      layout_loops_corners, minmay_temple_entry_statues_fountains,
          gammafunk_ghost_mausoleum, eino_small_chamber_without_monster,
          uniq_edmund, uniq_blork_the_orc
D:5:      layout_rooms
D:6:      layout_gridville, grunt_temple_overflow_open
D:7:      kennysheep_six_static_rooms, layout_rooms, trog_antimagical,
          nicolae_kikubaaqudgha_miasma_corner, corexii_item_surrounded_by_moat,
          uniq_pikel

Skill      XL: |  1  2  3  4  5  6  7  8 |
---------------+-------------------------+-----
Shields        | 4 5 |  5.6
Armour         | 4 5 6 7 |  7.3
Fighting       | 4 5 6 |  6.7
Long Blades    | 3 4 5 6 8 |  8.1
Dodging        | 1 2 3 |  3.2
Stealth        | 1 |  1.1
Invocations    | |  0.1

Action                   |  1- 3 |  4- 6 |  7- 9 || total
-------------------------+-------+-------+-------++-------
Melee: Long sword        |    78 |   157 |   120 ||   355
       Headbutt          |    14 |    26 |    26 ||    66
Invok: Heroism           |       |       |     1 ||     1
  Use: Scroll            |       |       |     7 ||     7
       Potion            |       |       |     2 ||     2
Armor: Scale mail        |    46 |    69 |     6 ||   121
       Chain mail        |       |       |    46 ||    46
Dodge: Dodged            |    42 |    77 |    39 ||   158
Block: Buckler           |    21 |    33 |    31 ||    85
       Reflection        |       |       |     1 ||     1

Table legend: (Time is in decaauts)
 A = Elapsed time spent in this place.
 B = Non-inter-level travel time spent in this place.
 C = Inter-level travel time spent in this place.
 D = Time resting spent in this place.
 E = Time spent auto-exploring this place.
 F = Levels seen in this place.
 G = Mean time per level.
                   A        B        C        D        E       F      G
               +--------+--------+--------+--------+--------+-----+--------+
         Total |   6276 |   6107 |    169 |      0 |   4912 |   7 |  896.6 |
       Dungeon |   6276 |   6107 |    169 |      0 |   4912 |   7 |  896.6 |
               +--------+--------+--------+--------+--------+-----+--------+

Top non-repeatable levels by time:
     D:2: 1276 daAuts
     D:1: 1066 daAuts
     D:4: 1057 daAuts
     D:5: 938 daAuts
     D:6: 879 daAuts
     D:3: 849 daAuts
     D:7: 208 daAuts
